 Dungeon Crawl Stone Soup version 0.31.0-32-g396128a36d (console) character file.

Game seed: 17911798165538407202

68 utis the Twirler (level 3, -7/29 HPs)
             Began as a Demigod Gladiator on Apr 1, 2024.
             Mangled by a gnoll
             ... wielding a +0 halberd
              (8 damage)
             ... on level 2 of the Dungeon.
             The game lasted 00:03:08 (1747 turns).

utis the Twirler (Demigod Gladiator)                Turns: 1747, Time: 00:03:08

Health: -7/29      AC: 12    Str: 19    XL:     3   Next: 73%
Magic:  5/5        EV:  6    Int: 10    God:
Gold:   40         SH:  0    Dex: 15    Spells: 2/2 levels left

rFire   . . .        a - +0 quarterstaff
rCold   + . .        (shield currently unavailable)
rNeg    . . .        q - +0 plate armour
rPois   .            c - +0 helmet
rElec   .            (no cloak)
rCorr   .            h - +0 pair of gloves
SInv    .            (no boots)
Will    .....        (no amulet) Stlth
                     k - ring of protection from cold
HPRegen 0.24/turn    (no ring)
MPRegen 0.09/turn

%: no passive effects
@: no status effects
A: high MP 1, forlorn, divine attributes
a: no special abilities


You were on level 2 of the Dungeon.
You visited 1 branch of the dungeon, and saw 3 of its levels.

You collected 40 gold pieces.

Inventory:

Hand Weapons
 a - a +0 quarterstaff (weapon)
Missiles
 d - 3 throwing nets (quivered)
 e - a javelin
 i - 11 stones
 p - 5 poisoned darts
Armour
 b - a +0 leather armour
 c - a +0 helmet (worn)
 h - a +0 pair of gloves (worn)
 j - a +0 scale mail
 q - a +0 plate armour (worn)
Jewellery
 k - a ring of protection from cold (left hand)
Scrolls
 f - a scroll of revelation {unknown}
 g - 3 scrolls of identify {unknown}
 n - a scroll of enchant armour {unknown}
 s - a scroll of fog {unknown}
Potions
 l - a potion of magic {unknown}
 m - a potion of heal wounds {unknown}
 o - a potion of lignification {unknown}
 r - a potion of attraction {unknown}
 t - a potion of enlightenment {unknown}


   Skills:
 - Level 1.7 Fighting
 * Level 4.2 Staves
 - Level 1.7 Throwing
 + Level 1.1 Armour
 - Level 2.6 Dodging


You had 2 spell levels left.
You didn't know any spells.
Your spell library was empty.

Dungeon Overview and Level Annotations

Branches:
Dungeon (3/15)


Innate Abilities, Weirdness & Mutations

You have an increased reservoir of magic. (+10% MP)
You shall have no god before yourself.
Your divine heritage dramatically boosts your attributes as you level up.


Message History

a +0 whip; a gnoll corpse You start resting.
HP restored.
There is a stone staircase leading down here.
You climb downwards.
There is a stone staircase leading up, spattered with blood here.
The dart slug launches a dart at you.
The slug dart hits you but does no damage.
The gnoll barely misses you.
You climb upwards.
There is a stone staircase leading down here.
You climb downwards.
The dart slug launches a dart at you.
The slug dart hits you but does no damage.
There is a stone staircase leading up, spattered with blood here.
The gnoll hits you but does no damage.
There is a stone staircase leading up, spattered with blood here.
The gnoll hits you with a +0 halberd.
You climb upwards.
There is a stone staircase leading down here.
You hit the gnoll but do no damage. The gnoll hits you with a +0 halberd!
You closely miss the gnoll. The gnoll hits you but does no damage.
You sock the gnoll!
The gnoll is severely wounded.
The gnoll barely misses you. The gnoll hits you with a +0 halberd!
* * * LOW HITPOINT WARNING * * *
You are too injured to fight recklessly!
You are too injured to fight recklessly!
You hit the gnoll.
The gnoll is almost dead.
The gnoll hits you with a +0 halberd.
* * * LOW HITPOINT WARNING * * *
You hit the gnoll but do no damage.
The gnoll is almost dead.
The gnoll hits you with a +0 halberd!
* * * LOW HITPOINT WARNING * * *
You closely miss the gnoll.
The gnoll is almost dead.
The gnoll hits you with a +0 halberd!
You die...

...░...░....░░...................
.................................
░░.░░...............░.░.░░.░░░░.░
......................░.░░.░ ░░░
.....................░░..░.░░░░░░
.....................░░..░.░░....
.............░....░..░░..░.░░.░░░
..........░..............░.░░.░
......░░.░░.......░..░░░.░.░░.░
░..░░.░░.░░..░.......)........░
░.....░░.░░..░.gp.░..░░░......░
░...............).....░░░░.░░.░
░.............................░
░.............................░
░..░.....░..░...░.....░░......░
...░..░░.░..░.........░░.._...░
░.░░..░░..........░...........░░░
░....................░░░.........
░.░░..░░.░░.░░.░░.░..░ ░░░.░░.░░░
░.░░░.░░.░░░░░.░░.░░.░ ░....░
░..........░░░.░░.░░.░ ░░░░.░


You could see a gnoll.

Vanquished Creatures
  3 gnolls
  2 adders (D:2)
  A dart slug (D:1)
  3 endoplasms
  2 goblins
  A hobgoblin (D:1)
  3 kobolds
  3 ball pythons
  3 bats
  A frilled lizard (D:2)
  3 rats (D:2)
25 creatures vanquished.

Notes
Turn   | Place    | Note
-------+----------+-------------------------------------------
     0 | D:1      | utis the Demigod Gladiator began the quest for the Orb.
     0 | D:1      | Reached XP level 1. HP: 17/17 MP: 3/3
   228 | D:1      | Reached skill level 3 in Staves
   594 | D:1      | Reached XP level 2. HP: 17/24 MP: 4/4
   974 | D:2      | Reached XP level 3. HP: 25/29 MP: 5/5
  1235 | D:2      | Reached skill level 4 in Staves
  1569 | D:2      | Reached skill level 1 in Armour
  1746 | D:2      | HP: 1/29 [gnoll/+0 halberd (8)]
  1747 | D:2      | Mangled by a gnoll

Illustrated notes

Levels and vault maps discovered:
D:1:      psy_arrival_statuary, layout_rooms, dreamdust_ecumenical_altar_grove
D:2:      layout_basic, basic_altar
D:3:      layout_rooms, fedhas_ov_isle_minmay, mainiacjoe_overflow_alcove_2,
          gammafunk_ghost_mausoleum, uniq_grinder

Skill      XL: |  1  2  3 |
---------------+----------+-----
Staves         | 3 4 |  4.2
Armour         | 1 |  1.1
Fighting       | |  1.7
Throwing       | |  1.7
Dodging        | |  2.6

Action                     || total
---------------------------++-------
  Melee: Quarterstaff      ||    93
 Armour: Scale mail        ||    22
         Plate armour      ||    87
  Dodge: Dodged            ||    32
